| TOP OF THE 1ST |
|
Delmarva Shorebirds batting - Pitching for Quad Cities River Bandits : RHP Alex Salinas
|
|
Pitching: RHP Alex Salinas
|
|
|
Batting: RHB Orlando Melchor
|
0-0: Fly out, F8 (Flyball, 8RD, EV 97.5 MPH)
|
|
Batting: LHB Pat Shaddock
|
0-0: Called Strike 0-1: Swinging Strike 0-2: Ball 1-2: Hit by Pitch
|
|
Batting: RHB Chase Cassidy
|
0-0: Ground out 6-3 (Groundball, 6MS, EV 82.5 MPH) Pat Shaddock to second
|
|
Batting: RHB Longfellow Wetzler
|
0-0: SINGLE (Groundball, 4M, EV 101.2 MPH) Pat Shaddock to third Runner from 3rd tries for Home, throw by CF and OUT! 8-2
|
| Top of the 1st over - 0 runs, 1 hit, 0 errors, 1 left on base; Delmarva 0 - Quad Cities 0 |
| BOTTOM OF THE 1ST |
|
Quad Cities River Bandits batting - Pitching for Delmarva Shorebirds : RHP Jose Rico
|
|
Pitching: RHP Jose Rico
|
|
|
Batting: LHB Kelvin Jones
|
0-0: Called Strike 0-1: Ball 1-1: Ball 2-1: Fly out, F8 (Line Drive, 8RM, EV 85.6 MPH)
|
|
Batting: RHB Matt Parker
|
0-0: DOUBLE (Line Drive, 9LS, EV 89.4 MPH)
|
|
Batting: SHB Paskar Adegoke
|
0-0: Ball 1-0: Foul Ball, location: 2F 1-1: Ball 2-1: Ball 3-1: Base on Balls
|
|
Batting: RHB Jamie Jennings
|
0-0: Ball Paskar Adegoke steals 2nd base Matt Parker steals 3rd base 1-0: Called Strike 1-1: Foul Ball, location: 2F 1-2: Strikes out swinging
|
|
Batting: RHB Joe Cook
|
0-0: SINGLE (Line Drive, 9S, EV 111.2 MPH) Matt Parker scores Paskar Adegoke to third
|
|
Batting: RHB Colin Cranford
|
0-0: Foul Ball, location: 2F 0-1: Foul Ball, location: 2F 0-2: Ball 1-2: Ball 2-2: Strikes out looking
|
| Bottom of the 1st over - 1 run, 2 hits, 0 errors, 2 left on base; Delmarva 0 - Quad Cities 1 |
| TOP OF THE 2ND |
|
Delmarva Shorebirds batting - Pitching for Quad Cities River Bandits : RHP Alex Salinas
|
|
Batting: LHB Jose Bethancourt
|
0-0: Called Strike 0-1: Ball 1-1: Ball 2-1: Fly out, F9 (Flyball, 89S, EV 76.2 MPH)
|
|
Batting: RHB Willie Manrique
|
0-0: Fly out, F8 (Line Drive, 8LM, EV 93.8 MPH)
|
|
Batting: LHB Momoru Yasui
|
0-0: Ball 1-0: Foul Ball, location: 2F 1-1: Ball 2-1: Ground out 6-3 (Groundball, 6, EV 85.6 MPH)
|
| Top of the 2nd over - 0 runs, 0 hits, 0 errors, 0 left on base; Delmarva 0 - Quad Cities 1 |
| BOTTOM OF THE 2ND |
|
Quad Cities River Bandits batting - Pitching for Delmarva Shorebirds : RHP Jose Rico
|
|
Batting: LHB Jon Pope
|
0-0: Called Strike 0-1: Called Strike 0-2: Foul Ball, location: 2F 0-2: Ball 1-2: Ball 2-2: Ball 3-2: Strikes out swinging
|
|
Batting: RHB Mike Henseler
|
0-0: Swinging Strike 0-1: Ball 1-1: Swinging Strike 1-2: Strikes out looking
|
|
Batting: RHB Steve Moore
|
0-0: Ball 1-0: Foul Ball, location: 2F 1-1: Foul Ball, location: 2F 1-2: Ball 2-2: Strikes out swinging
|
| Bottom of the 2nd over - 0 runs, 0 hits, 0 errors, 0 left on base; Delmarva 0 - Quad Cities 1 |
| TOP OF THE 3RD |
|
Delmarva Shorebirds batting - Pitching for Quad Cities River Bandits : RHP Alex Salinas
|
|
Batting: RHB Mario Luna
|
0-0: Ball 1-0: Called Strike 1-1: Swinging Strike 1-2: Ground out 6-3 (Groundball, 56, EV 103.8 MPH)
|
|
Batting: SHB Eric Tiehen
|
0-0: Called Strike 0-1: Ball 1-1: Ball 2-1: Foul Ball, location: 2F 2-2: Foul Ball, location: 2F 2-2: Ball 3-2: Strikes out looking
|
|
Batting: RHB Orlando Melchor
|
0-0: Ball 1-0: Ball 2-0: Ball 3-0: Base on Balls
|
|
Batting: LHB Pat Shaddock
|
0-0: Foul Ball, location: 2F 0-1: Foul Ball, location: 2F 0-2: Ball 1-2: Ball 2-2: DOUBLE (Flyball, 7LD, EV 111.2 MPH) Orlando Melchor to third
|
|
Batting: RHB Chase Cassidy
|
0-0: Called Strike 0-1: Ball 1-1: Ball 2-1: Ball 3-1: Base on Balls
|
|
Batting: RHB Longfellow Wetzler
|
0-0: Ball 1-0: Ball 2-0: Swinging Strike 2-1: Ball 3-1: Base on Balls Orlando Melchor scores Pat Shaddock to third Chase Cassidy to second
|
|
Batting: LHB Jose Bethancourt
|
0-0: Foul Ball, location: 2F 0-1: SINGLE (Groundball, 6MD, EV 107.5 MPH) Pat Shaddock scores Chase Cassidy to third Longfellow Wetzler to second Runner from 3rd tries for Home, SAFE, throw by CF to home
|
|
Batting: RHB Willie Manrique
|
0-0: Ball 1-0: Swinging Strike 1-1: Foul Ball, location: 2F 1-2: Ball 2-2: Ball 3-2: Fly out, F8 (Flyball, 8RXD, EV 100.0 MPH)
|
| Top of the 3rd over - 3 runs, 2 hits, 0 errors, 2 left on base; Delmarva 3 - Quad Cities 1 |
| BOTTOM OF THE 3RD |
|
Quad Cities River Bandits batting - Pitching for Delmarva Shorebirds : RHP Jose Rico
|
|
Batting: LHB Kelvin Jones
|
0-0: Foul Ball, location: 2F 0-1: Ball 1-1: Ball 2-1: Bunt missed! 2-2: Ball 3-2: Strikes out swinging
|
|
Batting: RHB Matt Parker
|
0-0: Ball 1-0: Called Strike 1-1: Ball 2-1: Ball 3-1: DOUBLE (Line Drive, 7LS, EV 112.5 MPH)
|
|
Batting: SHB Paskar Adegoke
|
0-0: Called Strike 0-1: Fly out, F8 (Flyball, 8LXD, EV 98.8 MPH) Runner from 2nd tags up, SAFE at 3rd, no throw by CF
|
|
Batting: RHB Jamie Jennings
|
0-0: Called Strike 0-1: Foul Ball, location: 2F 0-2: Ball 1-2: Foul Ball, location: 2F 1-2: Ball 2-2: Foul Ball, location: 2F 2-2: Foul Ball, location: 2F 2-2: Strikes out swinging
|
| Bottom of the 3rd over - 0 runs, 1 hit, 0 errors, 1 left on base; Delmarva 3 - Quad Cities 1 |
| TOP OF THE 4TH |
|
Delmarva Shorebirds batting - Pitching for Quad Cities River Bandits : RHP Alex Salinas
|
|
Batting: LHB Momoru Yasui
|
0-0: Ball 1-0: Ball 2-0: Ball 3-0: Base on Balls
|
|
Batting: RHB Mario Luna
|
0-0: Ball 1-0: Called Strike Momoru Yasui steals 2nd base 1-1: DOUBLE (Groundball, 5L, EV 97.5 MPH) Momoru Yasui scores
|
|
Batting: SHB Eric Tiehen
|
0-0: Ball 1-0: Ball 2-0: Called Strike 2-1: Called Strike 2-2: Ground out U3 (Groundball, 34, EV 110.6 MPH) Mario Luna to third
|
|
Batting: RHB Orlando Melchor
|
0-0: Ball 1-0: Called Strike 1-1: Ground out 5-3 (Groundball, 56S, EV 66.9 MPH) Mario Luna scores
|
|
Batting: LHB Pat Shaddock
|
0-0: Fly out, F8 (Line Drive, 8LD, EV 90.6 MPH)
|
| Top of the 4th over - 2 runs, 1 hit, 0 errors, 0 left on base; Delmarva 5 - Quad Cities 1 |
| BOTTOM OF THE 4TH |
|
Quad Cities River Bandits batting - Pitching for Delmarva Shorebirds : RHP Jose Rico
|
|
Batting: RHB Joe Cook
|
0-0: Ball 1-0: Foul Ball, location: 2F 1-1: Ball 2-1: Ball 3-1: Swinging Strike 3-2: Base on Balls
|
|
Batting: RHB Colin Cranford
|
0-0: Called Strike 0-1: Called Strike 0-2: Strikes out swinging
|
|
Batting: LHB Jon Pope
|
0-0: Called Strike 0-1: Fly out, F9 (Flyball, 9LS, EV 88.1 MPH)
|
|
Batting: RHB Mike Henseler
|
0-0: Ball Joe Cook steals 2nd base 1-0: Ground out 5-3 (Groundball, 56, EV 106.9 MPH)
|
| Bottom of the 4th over - 0 runs, 0 hits, 0 errors, 1 left on base; Delmarva 5 - Quad Cities 1 |
| TOP OF THE 5TH |
|
Delmarva Shorebirds batting - Pitching for Quad Cities River Bandits : RHP Alex Salinas
|
|
Pitching: RHP Justin Coney
|
|
|
Batting: RHB Chase Cassidy
|
0-0: Ball 1-0: SINGLE (Groundball, 6M, EV 103.8 MPH) (infield hit)
|
|
Batting: RHB Longfellow Wetzler
|
0-0: Called Strike 0-1: Called Strike 0-2: Ball 1-2: Ball 2-2: Strikes out swinging
|
|
Batting: LHB Jose Bethancourt
|
0-0: Called Strike Chase Cassidy steals 2nd base (no throw) 0-1: Ball 1-1: Ground out 6-3 (Groundball, 6, EV 90.6 MPH) Chase Cassidy to third
|
|
Batting: RHB Willie Manrique
|
0-0: Ball 1-0: Foul Ball, location: 2F 1-1: Ball 2-1: Hit by Pitch
|
|
Batting: LHB Momoru Yasui
|
0-0: Called Strike 0-1: Foul Ball, location: 2F 0-2: Strikes out swinging
|
| Top of the 5th over - 0 runs, 1 hit, 0 errors, 2 left on base; Delmarva 5 - Quad Cities 1 |
| BOTTOM OF THE 5TH |
|
Quad Cities River Bandits batting - Pitching for Delmarva Shorebirds : RHP Jose Rico
|
|
Batting: RHB Steve Moore
|
0-0: Ball 1-0: Ball 2-0: Called Strike 2-1: Fly out, F7 (Flyball, 78M, EV 90.6 MPH)
|
|
Batting: LHB Kelvin Jones
|
0-0: Ball 1-0: Called Strike 1-1: Ball 2-1: SINGLE (Groundball, 4MD, EV 105.6 MPH)
|
|
Batting: RHB Matt Parker
|
0-0: Called Strike 0-1: Ball 1-1: Ball Kelvin Jones steals 2nd base 2-1: Foul Ball, location: 2F 2-2: SINGLE (Groundball, 25, EV 72.5 MPH) (infield hit) Kelvin Jones to third
|
|
Batting: SHB Paskar Adegoke
|
0-0: Called Strike 0-1: Ball 1-1: Foul Ball, location: 2F 1-2: Ball 2-2: Fly out, F8 (Flyball, 89D, EV 106.2 MPH) Runner from 3rd tags up, OUT at HOME! 8-2
|
| Bottom of the 5th over - 0 runs, 2 hits, 0 errors, 1 left on base; Delmarva 5 - Quad Cities 1 |
| TOP OF THE 6TH |
|
Delmarva Shorebirds batting - Pitching for Quad Cities River Bandits : RHP Justin Coney
|
|
Batting: RHB Mario Luna
|
0-0: Foul Ball, location: 2F 0-1: Swinging Strike 0-2: Ball 1-2: Foul Ball, location: 2F 1-2: Ball 2-2: DOUBLE (Flyball, 8RXD, EV 104.4 MPH)
|
|
Batting: SHB Eric Tiehen
|
0-0: Ball 1-0: Foul Ball, location: 2F 1-1: Ball 2-1: DOUBLE (Line Drive, 7LM, EV 103.8 MPH) Mario Luna scores
|
|
Pinch Runner at 2nd Alex Jacobo:
|
|
|
Batting: RHB Orlando Melchor
|
0-0: Swinging Strike 0-1: Foul Ball, location: 2F 0-2: Foul Ball, location: 2F 0-2: Foul Ball, location: 2F 0-2: Ball 1-2: Hit by Pitch
|
|
Batting: LHB Pat Shaddock
|
0-0: Ball 1-0: Ball 2-0: Ball 3-0: Called Strike 3-1: Base on Balls Alex Jacobo to third Orlando Melchor to second
|
|
Batting: RHB Chase Cassidy
|
0-0: Foul Ball, location: 2F 0-1: Swinging Strike 0-2: Foul Ball, location: 2F 0-2: Ball 1-2: Ball 2-2: SINGLE (Flyball, 5D, EV 82.5 MPH) Alex Jacobo scores Orlando Melchor to third Pat Shaddock to second
|
|
Batting: RHB Longfellow Wetzler
|
0-0: Ball 1-0: Called Strike 1-1: Fly out, F9 (Flyball, 9D, EV 75.0 MPH) Runner from 3rd tags up, SCORES, throw by RF Pat Shaddock to third
|
|
Pitching: RHP Adam Behrens
|
|
|
Batting: LHB Jose Bethancourt
|
0-0: Foul Ball, location: 2F 0-1: Ball 1-1: Swinging Strike 1-2: Foul Ball, location: 2F 1-2: Strikes out swinging
|
|
Batting: RHB Willie Manrique
|
0-0: Called Strike 0-1: Ball 1-1: Foul Ball, location: 2F 1-2: Ball 2-2: Strikes out swinging
|
| Top of the 6th over - 3 runs, 3 hits, 0 errors, 2 left on base; Delmarva 8 - Quad Cities 1 |
| BOTTOM OF THE 6TH |
|
Quad Cities River Bandits batting - Pitching for Delmarva Shorebirds : RHP Jose Rico
|
|
Pitching: RHP Wayne Lammers
|
|
|
Now at C: Julio Ehm
|
|
|
Batting: RHB Jamie Jennings
|
0-0: Ball 1-0: Ball 2-0: Called Strike 2-1: Called Strike 2-2: Strikes out swinging
|
|
Batting: RHB Joe Cook
|
0-0: Ball 1-0: Foul Ball, location: 2F 1-1: Swinging Strike 1-2: Strikes out swinging
|
|
Batting: RHB Colin Cranford
|
0-0: Ball 1-0: Called Strike 1-1: Swinging Strike 1-2: Strikes out swinging
|
| Bottom of the 6th over - 0 runs, 0 hits, 0 errors, 0 left on base; Delmarva 8 - Quad Cities 1 |
| TOP OF THE 7TH |
|
Delmarva Shorebirds batting - Pitching for Quad Cities River Bandits : RHP Adam Behrens
|
|
Batting: LHB Momoru Yasui
|
0-0: Ball 1-0: Ball 2-0: Ball 3-0: Called Strike 3-1: Called Strike 3-2: Foul Ball, location: 2F 3-2: Foul Ball, location: 2F 3-2: Base on Balls
|
|
Batting: RHB Mario Luna
|
0-0: Ball 1-0: Called Strike 1-1: Ball 2-1: Fielders Choice at 2nd, 5-4 (Groundball, 56S, EV 86.2 MPH)
|
|
Pitching: RHP Robin Yelland
|
|
|
Batting: RHB Julio Ehm
|
0-0: Called Strike 0-1: Foul Ball, location: 2F 0-2: Ball 1-2: Ball 2-2: Foul Ball, location: 2F 2-2: Foul Ball, location: 2F 2-2: Ball 3-2: Base on Balls Mario Luna to second
|
|
Batting: RHB Orlando Melchor
|
0-0: Swinging Strike 0-1: Ball 1-1: Foul Ball, location: 2F 1-2: Grounds into double play, 5-4-3 (Groundball, 56, EV 81.9 MPH)
|
| Top of the 7th over - 0 runs, 0 hits, 0 errors, 1 left on base; Delmarva 8 - Quad Cities 1 |
| BOTTOM OF THE 7TH |
|
Quad Cities River Bandits batting - Pitching for Delmarva Shorebirds : RHP Wayne Lammers
|
|
Batting: LHB Jon Pope
|
0-0: Ball 1-0: Foul Ball, location: 2F 1-1: Ball 2-1: Called Strike 2-2: Strikes out swinging
|
|
Batting: RHB Mike Henseler
|
0-0: Ball 1-0: Swinging Strike 1-1: Ball 2-1: Foul Ball, location: 2F 2-2: Ball 3-2: Strikes out swinging
|
|
Batting: RHB Steve Moore
|
0-0: Called Strike 0-1: Ball 1-1: Ground out 6-3 (Groundball, 6S, EV 72.5 MPH)
|
| Bottom of the 7th over - 0 runs, 0 hits, 0 errors, 0 left on base; Delmarva 8 - Quad Cities 1 |
| TOP OF THE 8TH |
|
Delmarva Shorebirds batting - Pitching for Quad Cities River Bandits : RHP Robin Yelland
|
|
Batting: LHB Pat Shaddock
|
0-0: Foul Ball, location: 2F 0-1: Called Strike 0-2: DOUBLE (Flyball, 8LXD, EV 95.0 MPH)
|
|
Batting: RHB Chase Cassidy
|
0-0: Called Strike 0-1: Foul Ball, location: 2F 0-2: Foul Ball, location: 2F 0-2: Foul Ball, location: 2F 0-2: Strikes out swinging
|
|
Batting: RHB Longfellow Wetzler
|
0-0: Foul Ball, location: 2F 0-1: Fly out, F8 (Line Drive, 8LD, EV 88.8 MPH)
|
|
Batting: LHB Jose Bethancourt
|
0-0: Called Strike 0-1: Ball 1-1: Called Strike 1-2: Foul Ball, location: 2F 1-2: Ball 2-2: Ground out 5-3 (Groundball, 56, EV 86.2 MPH)
|
| Top of the 8th over - 0 runs, 1 hit, 0 errors, 1 left on base; Delmarva 8 - Quad Cities 1 |
| BOTTOM OF THE 8TH |
|
Quad Cities River Bandits batting - Pitching for Delmarva Shorebirds : RHP Wayne Lammers
|
|
Batting: LHB Kelvin Jones
|
0-0: Called Strike 0-1: Swinging Strike 0-2: Ball 1-2: Foul Ball, location: 2F 1-2: Strikes out swinging
|
|
Batting: RHB Matt Parker
|
0-0: Called Strike 0-1: Called Strike 0-2: Ball 1-2: DOUBLE (Flyball, 89D, EV 102.5 MPH)
|
|
Batting: SHB Paskar Adegoke
|
0-0: Ball 1-0: Called Strike 1-1: Swinging Strike 1-2: Ball 2-2: Strikes out swinging
|
|
Batting: RHB Jamie Jennings
|
0-0: Ball 1-0: Called Strike 1-1: Swinging Strike 1-2: 2-RUN HOME RUN (Flyball, 9LD, EV 88.1 MPH), Distance : 329 ft
|
|
Batting: RHB Joe Cook
|
0-0: Called Strike 0-1: Fly out, F7 (Flyball, 7, EV 87.5 MPH)
|
| Bottom of the 8th over - 2 runs, 2 hits, 0 errors, 0 left on base; Delmarva 8 - Quad Cities 3 |
| TOP OF THE 9TH |
|
Delmarva Shorebirds batting - Pitching for Quad Cities River Bandits : RHP Robin Yelland
|
|
Batting: RHB Willie Manrique
|
0-0: Fly out, F5 (Flyball, 5D, EV 81.9 MPH)
|
|
Batting: LHB Momoru Yasui
|
0-0: Ball 1-0: Called Strike 1-1: Foul Ball, location: 2F 1-2: Ground out 4-3 (Groundball, 4S, EV 91.2 MPH)
|
|
Batting: RHB Mario Luna
|
0-0: Called Strike 0-1: Ball 1-1: Ground out 6-3 (Groundball, 6S, EV 89.4 MPH)
|
| Top of the 9th over - 0 runs, 0 hits, 0 errors, 0 left on base; Delmarva 8 - Quad Cities 3 |
| BOTTOM OF THE 9TH |
|
Quad Cities River Bandits batting - Pitching for Delmarva Shorebirds : RHP Wayne Lammers
|
|
Batting: RHB Colin Cranford
|
0-0: Called Strike 0-1: Ball 1-1: Fly out, F8 (Flyball, 89D, EV 76.9 MPH)
|
|
Batting: LHB Jon Pope
|
0-0: Foul Ball, location: 2F 0-1: Foul Ball, location: 2F 0-2: Strikes out swinging
|
|
Batting: RHB Mike Henseler
|
0-0: Ball 1-0: Swinging Strike 1-1: Ball 2-1: Ground out 6-3 (Groundball, 6M, EV 76.9 MPH)
|
| Bottom of the 9th over - 0 runs, 0 hits, 0 errors, 0 left on base; Delmarva 8 - Quad Cities 3 |
|